[ AOE2 MATCH · #479200035 ]
1v1 RMBurgundians vs Khmer
Rival team · LOSS
[ REPLAY ANALYSIS · EXTRACTED FROM THE RECORDED GAME ]
Feudal
17:03
Castle
36:37
Imperial
72:26
| APM avg | 21.4 |
| APM peak | 52 |
| eAPM avg | 16.7 |
| Villagers / military | 118 / 431 |
Focus
⚔️ 46.2% · 🌾 53.8%
Coustillier ×183 · Skirmisher ×75 · Cavalry Archer ×60 · Spearman ×48 · Trebuchet (Packed) ×22 · Hand Cannoneer ×15
Feudal
17:57
Castle
30:09
Imperial
60:34
| APM avg | 22.7 |
| APM peak | 140 |
| eAPM avg | 18.6 |
| Villagers / military | 187 / 104 |
Focus
⚔️ 23.3% · 🌾 76.7%
Ballista Elephant ×72 · Trebuchet (Packed) ×18 · Knight ×6 · Scout Cavalry ×6 · Monk ×2
Match map
Resources at game start + every placement click. Thick line = wall · dashed box = detected house wall. 🟡 gold · ⚪ stone · 🟢 berries · 🔶 boar · ⭕ relic
Inputs per minute
— killerxls - - FENERBAHÇE
Build order — killerxls
First 150 of 836 actions detected
| 0:21 | Build | Town Center |
| 0:51 | Build | Palisade Wall |
| 1:38 | Build | Palisade Wall |
| 3:17 | Create | Villager (Male) |
| 3:18 | Create | Villager (Male) |
| 3:18 | Create | Villager (Male) |
| 3:18 | Create | Villager (Male) |
| 3:19 | Create | Villager (Male) |
| 3:20 | Research | Loom |
| 3:35 | Build | House |
| 3:41 | Build | House |
| 3:43 | Build | House |
| 3:57 | Build | House |
| 3:59 | Build | House |
| 4:42 | Build | Palisade Wall |
| 5:02 | Create | Villager (Male) |
| 5:02 | Create | Villager (Male) |
| 5:20 | Create | Villager (Male) |
| 5:20 | Create | Villager (Male) |
| 6:07 | Create | Villager (Male) |
| 6:07 | Create | Villager (Male) |
| 6:46 | Build | Palisade Wall |
| 6:54 | Create | Villager (Male) |
| 6:54 | Create | Villager (Male) |
| 6:54 | Create | Villager (Male) |
| 7:15 | Create | Villager (Male) |
| 7:15 | Create | Villager (Male) |
| 7:41 | Build | Palisade Wall |
| 8:22 | Build | Mill |
| 9:25 | Build | Palisade Wall |
| 9:39 | Create | Villager (Male) |
| 9:39 | Create | Villager (Male) |
| 9:40 | Create | Villager (Male) |
| 9:40 | Create | Villager (Male) |
| 9:59 | Create | Villager (Male) |
| 10:00 | Create | Villager (Male) |
| 10:12 | Build | Palisade Gate |
| 10:35 | Create | Villager (Male) |
| 10:35 | Create | Villager (Male) |
| 10:35 | Create | Villager (Male) |
| 11:24 | Build | Palisade Wall |
| 11:39 | Build | Palisade Wall |
| 12:07 | Build | Palisade Wall |
| 12:33 | Build | Palisade Gate |
| 12:52 | Create | Villager (Male) |
| 12:52 | Create | Villager (Male) |
| 12:52 | Create | Villager (Male) |
| 12:53 | Create | Villager (Male) |
| 12:53 | Create | Villager (Male) |
| 12:53 | Create | Villager (Male) |
| 12:53 | Create | Villager (Male) |
| 12:54 | Create | Villager (Male) |
| 12:54 | Create | Villager (Male) |
| 12:54 | Create | Villager (Male) |
| 13:05 | Create | Villager (Male) |
| 13:05 | Create | Villager (Male) |
| 13:19 | Build | Lumber Camp |
| 13:59 | Build | Palisade Wall |
| 14:19 | Build | Palisade Wall |
| 14:21 | Build | Palisade Wall |
| 14:22 | Build | Palisade Wall |
| 14:41 | Build | Palisade Wall |
| 14:42 | Build | Palisade Wall |
| 14:53 | Research | Feudal Age |
| 15:11 | Build | Mill |
| 15:41 | Build | Building 796 |
| 16:20 | Build | Palisade Wall |
| 16:23 | Build | Palisade Wall |
| 16:25 | Build | Palisade Wall |
| 16:27 | Build | Palisade Wall |
| 16:30 | Build | Palisade Wall |
| 16:35 | Build | Building 796 |
| 16:41 | Build | Building 796 |
| 16:50 | Build | Palisade Wall |
| 17:03 | Age | Feudal Age |
| 17:05 | Build | Mining Camp |
| 17:26 | Research | Town Watch |
| 17:28 | Research | Wheelbarrow |
| 17:29 | Create | Villager (Male) |
| 17:29 | Create | Villager (Male) |
| 17:29 | Create | Villager (Male) |
| 17:29 | Create | Villager (Male) |
| 17:30 | Create | Villager (Male) |
| 18:32 | Build | Mining Camp |
| 18:39 | Create | Villager (Male) |
| 18:40 | Create | Villager (Male) |
| 18:40 | Create | Villager (Male) |
| 18:40 | Create | Villager (Male) |
| 18:40 | Create | Villager (Male) |
| 19:04 | Research | Horse Collar |
| 19:13 | Build | House |
| 19:14 | Build | House |
| 19:18 | Build | House |
| 19:20 | Build | House |
| 19:25 | Build | Palisade Wall |
| 19:26 | Build | Palisade Wall |
| 19:28 | Build | Palisade Wall |
| 20:15 | Build | Stone Wall |
| 20:25 | Build | Stone Wall |
| 20:45 | Build | Stone Wall |
| 20:47 | Build | Stone Wall |
| 20:54 | Build | Building 490 |
| 21:04 | Create | Villager (Male) |
| 21:04 | Create | Villager (Male) |
| 21:05 | Create | Villager (Male) |
| 21:05 | Create | Villager (Male) |
| 21:05 | Create | Villager (Male) |
| 21:06 | Create | Villager (Male) |
| 21:06 | Create | Villager (Male) |
| 21:34 | Build | Market |
| 21:58 | Create | Villager (Male) |
| 21:58 | Create | Villager (Male) |
| 21:59 | Create | Villager (Male) |
| 22:15 | Build | House |
| 22:16 | Build | House |
| 22:18 | Build | House |
| 22:20 | Build | House |
| 22:24 | Build | House |
| 22:26 | Build | House |
| 22:28 | Build | House |
| 22:36 | Build | Palisade Wall |
| 22:37 | Build | Palisade Wall |
| 22:38 | Build | Palisade Wall |
| 22:39 | Build | Palisade Wall |
| 22:41 | Build | Palisade Wall |
| 22:42 | Build | Palisade Wall |
| 22:43 | Build | Palisade Wall |
| 22:47 | Build | Palisade Wall |
| 22:55 | Research | Heavy Plow |
| 23:05 | Create | Villager (Male) |
| 23:05 | Create | Villager (Male) |
| 23:53 | Build | Watch Tower |
| 24:15 | Build | Stone Wall |
| 25:52 | Build | Farm |
| 25:52 | Build | Farm |
| 25:52 | Build | Farm |
| 25:53 | Build | Farm |
| 25:53 | Build | Farm |
| 25:53 | Build | Farm |
| 25:53 | Build | Farm |
| 25:54 | Build | Farm |
| 25:54 | Build | Farm |
| 25:54 | Build | Farm |
| 26:32 | Build | Watch Tower |
| 26:52 | Build | Farm |
| 27:33 | Build | Watch Tower |
| 27:34 | Build | Watch Tower |
| 27:40 | Build | House |
| 27:42 | Build | House |
| 27:43 | Build | House |
Build order — FENERBAHÇE
First 150 of 485 actions detected
| 0:13 | Build | Town Center |
| 2:27 | Build | Town Center |
| 4:31 | Create | Villager (Male) |
| 4:31 | Create | Villager (Male) |
| 4:31 | Create | Villager (Male) |
| 4:32 | Create | Villager (Male) |
| 4:52 | Build | House |
| 6:25 | Create | Villager (Male) |
| 6:52 | Create | Villager (Male) |
| 6:53 | Create | Villager (Male) |
| 6:57 | Build | House |
| 7:51 | Create | Villager (Male) |
| 7:51 | Create | Villager (Male) |
| 7:52 | Create | Villager (Male) |
| 7:52 | Create | Villager (Male) |
| 8:38 | Create | Villager (Male) |
| 8:46 | Build | House |
| 9:22 | Build | Farm |
| 9:22 | Build | Farm |
| 9:50 | Build | Farm |
| 10:57 | Create | Villager (Male) |
| 11:14 | Build | Mill |
| 11:17 | Create | Villager (Male) |
| 11:41 | Create | Villager (Male) |
| 11:53 | Build | House |
| 12:11 | Build | Farm |
| 12:12 | Build | Farm |
| 12:24 | Create | Villager (Male) |
| 12:27 | Create | Villager (Male) |
| 13:04 | Create | Villager (Male) |
| 13:05 | Create | Villager (Male) |
| 13:25 | Build | Farm |
| 13:50 | Build | Lumber Camp |
| 14:11 | Build | Farm |
| 14:12 | Build | Farm |
| 14:27 | Create | Villager (Male) |
| 14:27 | Create | Villager (Male) |
| 14:28 | Create | Villager (Male) |
| 15:00 | Build | House |
| 15:43 | Create | Villager (Male) |
| 15:47 | Research | Feudal Age |
| 16:45 | Build | Mining Camp |
| 17:57 | Age | Feudal Age |
| 17:59 | Research | Horse Collar |
| 18:02 | Research | Double-Bit Axe |
| 18:04 | Research | Wheelbarrow |
| 18:16 | Build | House |
| 18:25 | Build | House |
| 19:00 | Build | Blacksmith |
| 19:17 | Create | Villager (Male) |
| 19:17 | Create | Villager (Male) |
| 19:18 | Create | Villager (Male) |
| 20:03 | Build | Stable |
| 20:29 | Research | Scale Barding Armor |
| 20:30 | Research | Forging |
| 20:41 | Research | Gold Mining |
| 20:55 | Build | Farm |
| 20:56 | Build | Farm |
| 20:57 | Build | Farm |
| 20:58 | Build | Farm |
| 21:01 | Build | Farm |
| 21:20 | Build | Farm |
| 21:31 | Research | Bloodlines |
| 21:41 | Create | Villager (Male) |
| 21:41 | Create | Villager (Male) |
| 21:42 | Create | Villager (Male) |
| 22:22 | Create | Scout Cavalry |
| 23:27 | Create | Scout Cavalry |
| 23:28 | Create | Scout Cavalry |
| 23:37 | Create | Villager (Male) |
| 23:37 | Create | Villager (Male) |
| 23:37 | Create | Villager (Male) |
| 23:38 | Create | Villager (Male) |
| 23:38 | Create | Villager (Male) |
| 23:38 | Create | Villager (Male) |
| 23:38 | Create | Villager (Male) |
| 23:44 | Build | Mining Camp |
| 25:20 | Create | Villager (Male) |
| 25:21 | Create | Villager (Male) |
| 25:21 | Create | Villager (Male) |
| 25:21 | Create | Villager (Male) |
| 25:45 | Build | Mining Camp |
| 26:07 | Build | House |
| 26:11 | Build | House |
| 26:13 | Build | House |
| 26:14 | Build | House |
| 26:38 | Research | Stone Mining |
| 27:19 | Create | Villager (Male) |
| 27:19 | Create | Villager (Male) |
| 27:27 | Research | Castle Age |
| 29:23 | Build | Market |
| 30:09 | Age | Castle Age |
| 30:13 | Research | Hand Cart |
| 30:14 | Create | Villager (Male) |
| 30:18 | Research | Heavy Plow |
| 30:23 | Research | Gold Shaft Mining |
| 30:37 | Build | Town Center |
| 30:48 | Research | Stone Shaft Mining |
| 31:51 | Build | Castle |
| 32:38 | Create | Villager (Male) |
| 32:39 | Create | Villager (Male) |
| 32:39 | Create | Villager (Male) |
| 32:39 | Create | Villager (Male) |
| 32:39 | Create | Villager (Male) |
| 32:40 | Create | Villager (Male) |
| 32:40 | Create | Villager (Male) |
| 32:40 | Create | Villager (Male) |
| 32:41 | Create | Villager (Male) |
| 33:30 | Create | Villager (Male) |
| 33:30 | Create | Villager (Male) |
| 33:30 | Create | Villager (Male) |
| 33:31 | Create | Villager (Male) |
| 33:31 | Create | Villager (Male) |
| 33:31 | Create | Villager (Male) |
| 33:32 | Create | Villager (Male) |
| 33:32 | Create | Villager (Male) |
| 33:39 | Build | Farm |
| 33:39 | Build | Farm |
| 33:39 | Build | Farm |
| 33:39 | Build | Farm |
| 33:40 | Build | Farm |
| 33:40 | Build | Farm |
| 33:40 | Build | Farm |
| 33:40 | Build | Farm |
| 33:41 | Build | Farm |
| 33:41 | Build | Farm |
| 33:41 | Build | Farm |
| 33:43 | Create | Villager (Male) |
| 34:23 | Build | Castle |
| 35:06 | Research | Tusk Swords |
| 35:15 | Create | Ballista Elephant |
| 35:16 | Create | Ballista Elephant |
| 35:17 | Create | Ballista Elephant |
| 35:32 | Create | Villager (Male) |
| 35:32 | Create | Villager (Male) |
| 35:32 | Create | Villager (Male) |
| 35:58 | Create | Ballista Elephant |
| 37:23 | Build | House |
| 37:40 | Create | Scout Cavalry |
| 37:40 | Create | Scout Cavalry |
| 37:40 | Create | Scout Cavalry |
| 37:41 | Create | Knight |
| 37:42 | Create | Knight |
| 38:26 | Create | Ballista Elephant |
| 38:27 | Create | Ballista Elephant |
| 38:27 | Create | Ballista Elephant |
| 38:27 | Create | Ballista Elephant |
| 38:28 | Create | Ballista Elephant |
| 38:33 | Create | Ballista Elephant |
| 38:33 | Create | Ballista Elephant |
Match timeline
| 0:51 | killerxls · wall_segment Palisade Wall x12 |
| 1:38 | killerxls · wall_segment Palisade Wall x16 |
| 4:42 | killerxls · wall_segment Palisade Wall x11 |
| 6:46 | killerxls · wall_segment Palisade Wall x11 |
| 7:41 | killerxls · wall_segment Palisade Wall x8 |
| 9:25 | killerxls · wall_segment Palisade Wall x12 |
| 11:24 | killerxls · wall_segment Palisade Wall x10 |
| 11:39 | killerxls · wall_segment Palisade Wall x5 |
| 12:07 | killerxls · wall_segment Palisade Wall x13 |
| 13:59 | killerxls · wall_segment Palisade Wall x3 |
| 14:19 | killerxls · wall_segment Palisade Wall x7 |
| 14:21 | killerxls · wall_segment Palisade Wall x6 |
| 14:22 | killerxls · wall_segment Palisade Wall x7 |
| 14:41 | killerxls · wall_segment Palisade Wall x6 |
| 14:42 | killerxls · wall_segment Palisade Wall x9 |
| 16:20 | killerxls · wall_segment Palisade Wall x6 |
| 16:23 | killerxls · wall_segment Palisade Wall x4 |
| 16:25 | killerxls · wall_segment Palisade Wall x5 |
| 16:27 | killerxls · wall_segment Palisade Wall x10 |
| 16:30 | killerxls · wall_segment Palisade Wall x1 |
| 16:50 | killerxls · wall_segment Palisade Wall x1 |
| 17:03 | killerxls · age_up feudal |
| 17:57 | FENERBAHÇE · age_up feudal |
| 19:25 | killerxls · wall_segment Palisade Wall x1 |
| 19:26 | killerxls · wall_segment Palisade Wall x1 |
| 19:28 | killerxls · wall_segment Palisade Wall x1 |
| 20:03 | FENERBAHÇE · first_building Stable |
| 20:15 | killerxls · wall_segment Stone Wall x9 |
| 20:25 | killerxls · wall_segment Stone Wall x7 |
| 20:45 | killerxls · wall_segment Stone Wall x5 |
| 20:47 | killerxls · wall_segment Stone Wall x10 |
| 22:36 | killerxls · wall_segment Palisade Wall x1 |
| 22:37 | killerxls · wall_segment Palisade Wall x1 |
| 22:38 | killerxls · wall_segment Palisade Wall x1 |
| 22:39 | killerxls · wall_segment Palisade Wall x1 |
| 22:41 | killerxls · wall_segment Palisade Wall x1 |
| 22:42 | killerxls · wall_segment Palisade Wall x1 |
| 22:43 | killerxls · wall_segment Palisade Wall x1 |
| 22:47 | killerxls · wall_segment Palisade Wall x1 |
| 24:15 | killerxls · wall_segment Stone Wall x20 |
| 26:24 | killerxls · first_market_buy 100 stone |
| 29:35 | killerxls · first_building Barracks |
| 30:09 | FENERBAHÇE · age_up castle |
| 31:35 | killerxls · first_market_sell 100 wood |
| 31:51 | FENERBAHÇE · first_building Castle |
| 33:23 | killerxls · first_building Archery Range |
| 34:15 | killerxls · wall_segment Palisade Wall x15 |
| 34:18 | killerxls · wall_segment Palisade Wall x8 |
| 36:37 | killerxls · age_up castle |
| 36:45 | killerxls · first_building Castle |
| 38:43 | FENERBAHÇE · first_building Monastery |
| 45:19 | FENERBAHÇE · first_market_sell 100 food |
| 50:59 | FENERBAHÇE · wall_segment Stone Wall x29 |
| 54:20 | FENERBAHÇE · wall_segment Stone Wall x9 |
| 54:40 | FENERBAHÇE · wall_segment Stone Wall x20 |
| 57:14 | FENERBAHÇE · wall_segment Stone Wall x13 |
| 60:34 | FENERBAHÇE · age_up imperial |
| 60:35 | FENERBAHÇE · wall_segment Stone Wall x4 |
| 65:55 | FENERBAHÇE · wall_segment Stone Wall x6 |
| 68:49 | FENERBAHÇE · wall_segment Stone Wall x1 |
| 72:26 | killerxls · age_up imperial |
| 73:21 | FENERBAHÇE · first_market_buy 100 stone |
| 91:54 | FENERBAHÇE · wall_segment Stone Wall x1 |
| 92:11 | FENERBAHÇE · wall_segment Stone Wall x1 |
| 93:37 | FENERBAHÇE · wall_segment Stone Wall x27 |
| 113:45 | FENERBAHÇE · resign |
[ AI ANALYSIS · 1 CREDIT ]
What really happened in this match?
Wolo.gg analyzes every decision: build order, eco, micro, common mistakes by bracket. Personalized analysis on WhatsApp or Discord in 30 seconds.
Civ guide
Burgundians
Map guide
Nomad
Perfil
Jugador #19631673